 Dungeon Crawl Stone Soup version 0.28.0-53-g5a82cb258f (webtiles) character file.

Game seed: 6650810503426307471

2219 cbfl8 the Cleaver (level 9, -1/71 (79) HPs)
             Began as a Minotaur Berserker on July 25, 2022.
             Was an Elder of Trog.
             Slain by a wight
             ... wielding a +0 battleaxe
              (10 damage)
             ... on level 7 of the Dungeon.
             The game lasted 00:10:11 (7698 turns).

cbfl8 the Cleaver (Minotaur Berserker)              Turns: 7698, Time: 00:10:12

HP:   -1/71 (79)    AC: 12    Str: 22    XL:     9   Next: 13%
MP:   8/8           EV: 10    Int:  4    God:    Trog [****..]
Gold: 281           SH:  0    Dex: 14    Spells: 8/8 levels left

rFire   . . .      SeeInvis .   s - +0 war axe
rCold   . . .      Faith    .   (no shield)
rNeg    . . .      Spirit   .   o - +0 chain mail
rPois   .          Reflect  .   (helmet restricted)
rElec   .          Harm     .   (no cloak)
rCorr   .          Rampage  .   m - +0 pair of gloves
Will    ++...      Rage     1%  d - +0 pair of boots
Stlth   .......... Rnd*Tele +   (no amulet)
HPRegen 1.00/turn               x - ring of flight
MPRegen 0.11/turn               (no ring)

@: strong-willed, on berserk cooldown, flying, regenerating, slowed, heavily
drained, very slow
A: horns 2, retaliatory headbutt, berserk 1, inhibited regeneration,
teleportitis 1
a: Renounce Religion, Berserk, Trog's Hand, Brothers in Arms


You were on level 7 of the Dungeon.
You worshipped Trog.
Trog was greatly pleased with you.
You visited 1 branch of the dungeon, and saw 8 of its levels.
You also visited: Ossuary.

You collected 281 gold pieces.

Inventory:

Hand Weapons
 a - a +0 hand axe
 r - a +2 trident of venom
 s - a +0 war axe (weapon)
Armour
 b - a +0 animal skin
 d - a +0 pair of boots (worn)
 m - a +0 pair of gloves (worn)
 n - a +0 pair of gloves
 o - a +0 chain mail (worn)
Jewellery
 x - a ring of flight (left hand)
Wands
 q - a wand of acid (6)
 z - a wand of iceblast (32) (quivered)
 D - a wand of paralysis (3)
Scrolls
 c - a scroll of fog {unknown}
 j - a scroll of torment {unknown}
 p - 6 scrolls of identify {unknown}
 t - a scroll of teleportation {unknown}
 v - 4 scrolls of amnesia {unknown}
 y - 3 scrolls of fear {unknown}
 A - a scroll of noise {unknown}
 B - a scroll of enchant weapon {unknown}
 C - 2 scrolls of blinking {unknown}
 G - a scroll of immolation {unknown}
 I - a scroll of enchant armour {unknown}
 J - a scroll of summoning {unknown}
Potions
 e - 2 potions of might {unknown}
 f - 2 potions of mutation
 g - 2 potions of curing {unknown}
 h - 2 potions of magic
 i - a potion of berserk rage {unknown}
 k - a potion of invisibility {unknown}
 l - a potion of lignification {unknown}
 u - 2 potions of flight
 w - a potion of attraction {unknown}
 F - a potion of ambrosia {unknown}
 H - a potion of resistance {unknown}
 K - a potion of cancellation {unknown}


   Skills:
 * Level 7.5 Fighting
 + Level 8.4(8.5) Axes
 + Level 1.6(5.5) Polearms
 + Level 5.6 Armour
 * Level 5.6 Dodging
 * Level 3.8 Stealth
 * Level 3.0 Evocations


You had 8 spell levels left.
You didn't know any spells.
Your spell library was empty.

Dungeon Overview and Level Annotations

Branches:
Dungeon (8/15)             Temple (0/1) D:6         Ossuary (visited)
   Lair: D:8-11

Altars:
Cheibriados
Xom

Shops:
D:1 [

Annotations:
D:5 3 runed translucent doors, angelusfrater's ghost, amateur DESu
D:7 2 transporters, mortz's ghost, novice KoEE


Innate Abilities, Weirdness & Mutations

You have a pair of horns on your head.
You reflexively headbutt those who attack you in melee.
You tend to lose your temper in combat.
You do not regenerate when monsters are visible.
You are occasionally teleported next to monsters.


Message History

You slice the wight!!
You destroy the wight!
Trog accepts your kill.
You slice the wight!!
You destroy the wight!
Trog accepts your kill. The wight hits you but does no damage.
Your Evocations skill increases to level 3!
An ice beast comes into view.
You are no longer berserk.
You are exhausted.
You feel yourself slow down.
Items here: ( )) [ †.
The wight hits you from afar with a +2 spear.
You feel drained. The wight barely misses you.
The wight hits you from afar with a +2 spear.
* * * LOW HITPOINT WARNING * * *
You feel drained.
* * * LOW HITPOINT WARNING * * *
The wight hits you with a +0 battleaxe!
* * * LOW HITPOINT WARNING * * *
You feel drained.
* * * LOW HITPOINT WARNING * * *
The wight misses you. The wight closely misses you. You furiously retaliate!
You headbutt the wight.
The wight hits you from afar with a +2 spear.
* * * LOW HITPOINT WARNING * * *
You feel drained.
* * * LOW HITPOINT WARNING * * *
The wight closely misses you.
There is a stone staircase leading up here.
The wight hits you but does no damage. The wight hits you with a +0 battleaxe.
* * * LOW HITPOINT WARNING * * *
You fly upwards.
Level annotation: 2 transporters, mortz's ghost, novice KoEE
There is a stone staircase leading down here.
Your skin crawls.
You feel strong-willed. The wight hits you with a +0 battleaxe!
You die...

#..#.# ###.#......#
#..#.#
#####.....#....#
.##..#
#.......###....#
/....#####....>..#
#....#
######.......(...#
#....##
©......###.......#
##.<..#
.......##........#
##.#.#
######.##.##.###z#
#.#.# ...)......##.#
#@# #...#
#.####..####.# #.#
###.# #.##....# #.#
#.# #.# ..<..#### ##.#
#.## #.# ##..## ##..#
#..# #.# ###.#
#..#####.## ### #
#.### #.#.......# #
#...####.........#
###................###


You could see a wight.

Vanquished Creatures
  A gargoyle (D:7)
  Eustachio (D:6)
  A steam dragon (D:6)
  The ghost of DocClef the Magician, an amateur GnWz (D:4)
  A black bear (D:7)
  A necrophage (D:6)
  An ogre (D:6)
  A centaur (D:8)
  3 phantoms
  A bullfrog (D:6)
  A gnoll sergeant (D:5)
  2 scorpions (D:6)
  A water moccasin skeleton (D:5)
  3 wights (D:8)
  2 centaur zombies
  A jelly (D:5)
  A hound (D:5)
  An orc priest (D:8)
  A centaur skeleton (D:5)
  2 iguanas
  An orc wizard (D:7)
  A killer bee zombie (D:7)
  A mummy (Ossuary)
  5 gnolls (D:5)
  6 adders
  A howler monkey skeleton (D:4)
  2 ufetubi
  An adder skeleton (D:5)
  3 worms
  15 orcs
  3 spectral bats (Ossuary)
  6 ball pythons
  8 endoplasms
  2 giant cockroaches
  12 gnoll zombies (Ossuary)
  6 goblins
  7 hobgoblins
  2 jackals (D:1)
  4 kobolds (D:1)
  4 quokkas
  4 bats
  5 bat simulacra (Ossuary)
  5 frilled lizards
  3 goblin simulacra (Ossuary)
  7 goblin zombies (Ossuary)
  5 hobgoblin zombies (Ossuary)
  A kobold simulacrum (Ossuary)
  4 kobold zombies (Ossuary)
  2 orc zombies (Ossuary)
  3 rats
  3 rat simulacra (Ossuary)
  2 spectral goblins (Ossuary)
  A spectral kobold (Ossuary)
  4 spectral rats (Ossuary)
166 creatures vanquished.

Vanquished Creatures (others)
  39 fungi
  34 plants
73 creatures vanquished.

Grand Total: 239 creatures vanquished

Notes
Turn   | Place    | Note
-------+----------+-------------------------------------------
     0 | D:1      | cbfl8 the Minotaur Berserker began the quest for the Orb.
     0 | D:1      | Reached XP level 1. HP: 19/19 MP: 0/0
   238 | D:1      | Reached XP level 2. HP: 26/27 MP: 1/1
   421 | D:1      | Reached skill level 4 in Axes
   777 | D:1      | Found Qyfeucraon's Armour Shoppe.
   928 | D:1      | Reached ** piety under Trog
   929 | D:1      | Reached XP level 3. HP: 32/34 MP: 2/2
  1440 | D:2      | Found a faded altar of an unknown god.
  2099 | D:3      | Found a snail-covered altar of Cheibriados.
  2370 | D:3      | Reached XP level 4. HP: 41/41 MP: 3/3
  3116 | D:4      | Reached skill level 1 in Stealth
  3316 | D:4      | Reached skill level 5 in Fighting
  3316 | D:4      | Reached XP level 5. HP: 48/48 MP: 4/4
  3391 | D:4      | Found a runed translucent door.
  3392 | D:4      | Noticed DocClef's ghost (amateur GnWz)
  3625 | D:4      | Killed DocClef's ghost
  3626 | D:4      | Reached skill level 5 in Axes
  3626 | D:4      | Reached skill level 1 in Polearms
  3901 | D:5      | Entered Level 5 of the Dungeon
  3901 | D:5      | Noticed a phantom
  3912 | D:5      | Killed a phantom
  3913 | D:5      | Reached XP level 6. HP: 50/56 MP: 5/5
  3917 | D:5      | Found a runed translucent gate.
  3917 | D:5      | Found a runed translucent gate.
  3917 | D:5      | Found a runed translucent gate.
  3918 | D:5      | Noticed angelusfrater's ghost (amateur DESu)
  4055 | D:5      | Found a shimmering altar of Xom.
  4165 | D:5      | Found a sand-covered staircase.
  4180 | D:5      | Reached XP level 7. HP: 36/62 MP: 6/6
  4201 | Ossuary  | Entered an ossuary
  4620 | Ossuary  | Reached *** piety under Trog
  5031 | D:5      | Reached **** piety under Trog
  5037 | D:5      | Reached skill level 6 in Axes
  5119 | D:5      | Reached skill level 1 in Evocations
  5507 | D:6      | Noticed Eustachio
  5521 | D:6      | Killed Eustachio
  5522 | D:6      | Reached skill level 7 in Axes
  5522 | D:6      | Reached XP level 8. HP: 71/71 MP: 7/7
  5809 | D:6      | Found a staircase to the Ecumenical Temple.
  6260 | D:6      | Reached skill level 5 in Dodging
  6857 | D:7      | Noticed a two-headed ogre
  6860 | D:7      | Noticed mortz's ghost (novice KoEE)
  6861 | D:7      | Found a transporter.
  6865 | D:7      | Found a transporter.
  7068 | D:7      | Reached skill level 5 in Armour
  7168 | D:7      | Noticed a gargoyle
  7175 | D:7      | Killed a gargoyle
  7176 | D:7      | Reached skill level 8 in Axes
  7643 | D:8      | Reached XP level 9. HP: 76/79 MP: 8/8
  7668 | D:8      | Noticed a cyclops
  7672 | D:8      | Gained mutation: You do not regenerate when monsters are
                  | visible. [potion of mutation]
  7672 | D:8      | Gained mutation: You tend to lose your temper in combat.
                  | [potion of mutation]
  7672 | D:8      | Gained mutation: You are occasionally teleported next to
                  | monsters. [potion of mutation]
  7698 | D:7      | Slain by a wight

Illustrated notes

Levels and vault maps discovered:
D:1:      minmay_arrival_five_plusses, layout_basic, serial_shops, shop,
          minmay_misc_feat_nine_boxes
D:2:      layout_basic, ebering_ecumenical_altar_box
D:3:      layout_loops_ring, mainiacjoe_overflow_six_doors_small
D:4:      layout_cave_pools, gammafunk_ghost_grave, grunt_decor_fettered
D:5:      layout_layer_cave, old_standard_altar, enter_ossuary_1,
          gammafunk_ghost_nasty_kobolds, amcnicky_mini_corridor_feature,
          grunt_decor_cap
D:6:      layout_loops_ring, minmay_temple_entry_hall, uniq_eustachio
D:7:      layout_rooms, gammafunk_ghost_smash, kennysheep_small_square
D:8:      layout_basic, due_lair_maze_entry_diamond, serial_shops, shop,
          hangedman_abyss_or_decor_clamps, minivault_11, chequers_jeans,
          grunt_ministairs_14, uniq_gastronok

Skill      XL: |  1  2  3  4  5  6  7  8  9 |
---------------+----------------------------+-----
Fighting       | 4 5 6 7 |  7.5
Axes           | 4 5 7 8 |  8.4
Dodging        | 3 4 5 |  5.6
Stealth        | 1 2 3 |  3.8
Polearms       | 1 |  1.6
Armour         | 3 4 5 |  5.6
Evocations     | 1 2 3 |  3.0

Action                   |  1- 3 |  4- 6 |  7- 9 || total
-------------------------+-------+-------+-------++-------
Melee: Hand axe          |    87 |    11 |       ||    98
       Headbutt          |    11 |    11 |    38 ||    60
       Trident           |       |    18 |       ||    18
       War axe           |       |    52 |   208 ||   260
       Punch             |       |     2 |     2 ||     4
Invok: Berserk           |       |     4 |     4 ||     8
       Trog's Hand       |       |       |     1 ||     1
  Use: Potion            |       |       |     5 ||     5
 Stab: Sleeping          |     3 |       |       ||     3
Armor: Animal skin       |     9 |       |       ||     9
       Chain mail        |     9 |    55 |   127 ||   191
Dodge: Dodged            |    62 |    38 |   111 ||   211
